 Dungeon Crawl Stone Soup version 0.22.1-2-g9c5b331 (webtiles) character file.

667 Fang the Chopper (level 7, -2/66 HPs)
             Began as a Gargoyle Berserker on Dec 17, 2018.
             Was a Priest of Trog.
             Splashed by a jelly's acid (5 damage)
             ... on level 5 of the Dungeon.
             The game lasted 00:04:01 (4432 turns).

Fang the Chopper (Gargoyle Berserker)               Turns: 4432, Time: 00:04:01

Health: -2/66      AC: -5    Str: 32    XL:     7   Next: 57%
Magic:  0/7        EV: 12    Int:  7    God:    Trog [***...]
Gold:   201        SH:  0    Dex:  9    Spells: 6/6 levels left

rFire    . . .     SeeInvis .   a - +0 hand axe
rCold    . . .     Gourm    .   (no shield)
rNeg     + . .     Faith    .   k - +0 ring mail
rPois    ∞         Spirit   +   (no helmet)
rElec    +         Reflect  .   (no cloak)
rCorr    .         Harm     .   (no gloves)
MR       .....                  (no boots)
Stlth    ..........             g - amulet of guardian spirit
HPRegen  0.21/turn              h - ring of flight
MPRegen  0.10/turn              p - +4 ring of strength

@: berserking, corroded, very quick
A: negative energy resistance 1, electricity resistance, unbreathing,
petrification resistance, rot immunity, AC +4
a: Berserk, Trog's Hand, Renounce Religion, Evoke Flight


You were on level 5 of the Dungeon.
You worshipped Trog.
Trog was most pleased with you.
You were very hungry.

You visited 2 branches of the dungeon, and saw 6 of its levels.

You collected 201 gold pieces.

Inventory:

Hand Weapons
 a - a +0 hand axe (weapon)
Armour
 k - a +0 ring mail (worn)
Jewellery
 g - an amulet of guardian spirit (around neck)
 h - a ring of flight (left hand)
 o - an uncursed ring of positive energy
 p - a +4 ring of strength (right hand)
Wands
 s - a wand of polymorph (8)
Scrolls
 d - 2 scrolls of immolation {unknown}
 e - 2 scrolls of remove curse {unknown}
 f - 4 scrolls of teleportation {unknown}
 i - 4 scrolls of identify {unknown}
 m - 2 scrolls of amnesia {unknown}
 n - a scroll of fog {unknown}
 r - a scroll of enchant weapon {unknown}
Potions
 b - a potion of curing {unknown}
 j - a potion of might {unknown}
 l - a potion of heal wounds {unknown}
Comestibles
 c - 7 rations
 q - 5 chunks of flesh


   Skills:
 + Level 5.3 Fighting
 + Level 5.6 Axes
 + Level 3.9 Armour
 + Level 2.9 Dodging
 + Level 0.6 Stealth


You had 6 spell levels left.
You didn't know any spells.
Your spell library was empty.

Dungeon Overview and Level Annotations

Branches:
Dungeon (5/15)             Temple (1/1) D:5

Altars:
Ashenzari
Hepliaklqana
Wu Jian
Xom
The Shining One


Innate Abilities, Weirdness & Mutations

You are resistant to torment.
Your stone body is resilient. (AC +4)
You are immune to poison.
You resist negative energy. (rN+)
You are resistant to electric shocks. (rElec)
You can survive without breathing.
You are immune to petrification.
You are immune to rotting.


Message History

You are feeling very hungry.
The jelly barely misses you.
You hit the jelly but do no damage.
Your hands burn!
The jelly is almost dead.
The jelly hits you.
You are splashed with acid!
The acid burns!
* * * LOW HITPOINT WARNING * * *
You barely miss the jelly.
The jelly is almost dead.
You completely miss the jelly.
The jelly is almost dead.
The jelly misses you.
You hit the jelly but do no damage.
Your hands burn!
* * * LOW HITPOINT WARNING * * *
The jelly is almost dead.
The jelly hits you.
* * * LOW HITPOINT WARNING * * *
You are splashed with acid!
The acid burns!
* * * LOW HITPOINT WARNING * * *
You hit the jelly but do no damage. The acid corrodes you!
Your hands burn!
You die... #.......... #### #.......#............ ...#### #.......#.######.###. ##....#######.......#. #.# #. #.##.†.....#....... #.##.# #.##.8.8.8.# ..... #.##. #.##..⌠†⌠..# ooo

#.##.# #.##.8.>.8.#
#J# #########.###.
#.##..⌠.⌠..## #@#
#.........# ##
..#..8.8.8..###.#
#.#######.###.
................#
#.# #####.....
...###########..#
#.# #......... ###.
#..###.###.###.....
#
#>.........########
#.####...)..# # #.#
######.# #.. #.#


You could see a jelly and 3 orcs.

Vanquished Creatures
  An ogre (D:5)
  A scorpion (D:5)
  4 crimson imps (D:3)
  2 jellies
  An orc wizard (D:3)
  A worker ant (D:5)
  A howler monkey zombie (D:5)
  8 gnolls
  8 adders
  5 oozes
  An adder skeleton (D:4)
  2 worms
  3 dart slugs
  5 leopard geckos
  7 orcs
  2 bats (D:3)
  4 giant cockroaches
  7 goblins
  10 hobgoblins
  14 kobolds
  2 quokkas
  A ball python (D:3)
  A frilled lizard (D:1)
  A quokka skeleton (D:4)
  6 rats
98 creatures vanquished.

Notes
Turn   | Place    | Note
-------+----------+-------------------------------------------
     0 | D:1      | Fang the Gargoyle Berserker began the quest for the Orb.
     0 | D:1      | Reached XP level 1. HP: 14/14 MP: 1/1
    18 | D:1      | Reached XP level 2. HP: 13/19 MP: 2/2
   435 | D:1      | Reached XP level 3. HP: 8/24 MP: 3/3
   783 | D:1      | Reached ** piety under Trog
  1450 | D:2      | Reached XP level 4. HP: 29/29 MP: 4/4
  2002 | D:2      | Reached XP level 5. HP: 8/34 MP: 0/5
  2802 | D:3      | Found a shimmering altar of Xom.
  3065 | D:3      | Reached XP level 6. HP: 39/39 MP: 4/6
  3446 | D:4      | Found a shattered altar of Ashenzari.
  3454 | D:4      | Reached *** piety under Trog
  3698 | D:4      | Found an ornate altar of the Wu Jian Council.
  3829 | D:4      | Reached skill level 5 in Axes
  3918 | D:4      | Found a glowing golden altar of the Shining One.
  3959 | D:5      | Entered Level 5 of the Dungeon
  4014 | D:5      | Reached XP level 7. HP: 44/44 MP: 5/7
  4018 | D:5      | Reached skill level 5 in Fighting
  4358 | D:5      | Found a staircase to the Ecumenical Temple.
  4396 | Temple   | Entered the Ecumenical Temple
  4431 | D:5      | HP: 3/66 [acid (5)]
  4432 | D:5      | Splashed by a jelly's acid

Skill      XL: |  1  2  3  4  5  6  7 |
---------------+----------------------+-----
Axes           | 3 4 5 |  5.6
Fighting       | 4 5 |  5.3
Dodging        | 2 |  2.9
Armour         | 3 |  3.9
Stealth        | |  0.6

Action                   |  1- 3 |  4- 6 |  7- 9 || total
-------------------------+-------+-------+-------++-------
Melee: Hand axe          |   105 |   287 |    65 ||   457
Invok: Berserk           |     2 |     2 |     1 ||     5
  Eat: Chunk             |     4 |     5 |     3 ||    12
       Ration            |       |     1 |       ||     1
Armor: Animal skin       |    20 |       |       ||    20
       Ring mail         |     2 |   173 |    15 ||   190
Dodge: Dodged            |    73 |   190 |    35 ||   298
